Map: Acid Plant LE

Players

KBroomes - Winner!

  • Race: Protoss Protoss
  • League: Platinum
  • Spawn Location: 5:00

fruitcake

  • Race: Zerg Zerg
  • Spawn Location: 11:00

VOD

Have the link to the VOD?

Description

Time

  • Played on: May 9, 2018, 7:24 p.m.
  • Length: 9:42
Show
View Real Time Build Order
Export as new Build Order

KBroomes Protoss - Winner!

Build Orders:  

Get SALT Encoding   

  12  0:00  Probe  
  13  0:13  Probe  
  14  0:20  Pylon  
  14  0:25  Probe  
  15  0:38  Gateway  
  15  0:41  Probe  
  16  0:47  Assimilator  
  16  0:49  Probe  
  17  0:57  Probe  
  17  1:00  Assimilator  
  18  1:10  Probe  
  19  1:19  Pylon  
  19  1:22  Probe  
  20  1:32  Cybernetics Core  
  20  1:34  Probe  
  21  1:59  Nexus  
  21  2:02  Probe  
  21  2:16  Probe  
  21  2:20  Robotics Facility  
  22  2:23  Adept  
  22  2:28  Warp Gate  
  24  2:41  Pylon  
  24  2:47  Probe  
  25  2:59  Probe  
  25  3:00  Adept  
  25  3:04  Observer, Shield Battery  
  29  3:15  Probe x2  
  31  3:21  Stargate  
  31  3:31  Probe x2  
  33  3:35  Adept  
  35  3:43  Probe  
  35  3:44  Probe  
  37  4:01  Probe  
  37  4:02  Probe  
  39  4:11  Immortal  
  43  4:21  Probe x2  
  43  4:24  Oracle  
  43  4:31  Gateway  
  43  4:32  Gateway  
  43  4:33  Probe x2  
  43  4:37  Immortal  
  48  4:49  Probe x2  
  54  4:55  Pylon  
  54  5:13  Probe x2  
  56  5:15  Zealot  
  58  5:25  Probe x2  
  58  5:27  Pylon  
  60  5:28  Assimilator  
  60  5:34  Assimilator  
  60  5:37  Probe x2  
  62  5:45  Immortal  
  62  5:47  Pylon  
  66  5:52  Pylon  
  66  5:55  Gateway  
  66  5:56  Pylon, Stalker  
  68  6:04  Sentry  
  69  6:32  Zealot x3  
  73  6:38  Warp Prism  
  77  6:40  Probe x2  
  79  7:01  Zealot x3  
  79  7:14  Immortal  
  74  7:29  Zealot  
  72  7:30  Zealot x2  
  74  7:53  Gateway  
  74  7:55  Gateway  
  74  7:57  Gateway  
  74  7:59  Gateway  
  74  8:08  Pylon  
  74  8:09  Pylon  
  74  8:11  Pylon  
  74  8:12  Pylon, Immortal  
  78  8:14  Pylon  
  78  8:17  Nexus  
  78  8:19  Forge  
  78  8:22  Forge  
  78  8:24  Assimilator  
  78  8:27  Assimilator  
  77  8:39  Stalker x3  
  77  8:40  Stalker  
  85  8:48  Phoenix  
  87  8:59  Zealot x4  
  91  9:20  Zealot x3  
  91  9:21  Zealot x5  
Show
View Real Time Build Order
Export as new Build Order

fruitcake Zerg 

Build Orders: Pool First 

Get SALT Encoding   

  12  0:00  Drone  
  13  0:13  Overlord  
  13  0:17  Drone  
  14  0:23  Drone, Extractor  
  14  0:31  Drone  
  15  0:36  Drone  
  16  0:51  Drone, Spawning Pool  
  16  0:56  Drone  
  17  1:07  Drone  
  18  1:14  Extractor  
  17  1:29  Hatchery  
  16  1:38  Drone  
  16  1:39  Drone  
  18  1:47  Zergling x2  
  18  1:53  Zergling x2  
  20  1:56  Queen  
  22  2:16  Roach Warren  
  22  2:21  Zergling x2  
  22  2:29  Overlord  
  22  2:40  Queen  
  22  2:42  Drone x2  
  26  2:45  Drone x2  
  28  3:03  Roach  
  28  3:05  Roach x2  
  34  3:09  Overlord  
  34  3:19  Roach  
  36  3:32  Roach  
  36  3:33  Roach x3  
  44  3:35  Overlord  
  43  3:59  Roach x3  
  48  4:07  Roach x2  
  48  4:09  Overlord x2  
  52  4:29  Roach  
  52  4:30  Roach x4  
  62  4:37  Drone  
  63  4:48  Ravager x2  
  65  5:05  Drone x3  
  68  5:20  Spore Crawler  
  67  5:24  Spore Crawler  
  66  5:32  Spore Crawler  
  65  5:35  Spore Crawler  
  65  5:39  Ravager  
  65  5:40  Ravager x2  
  67  5:44  Drone  
  67  5:46  Overlord x2  
  67  5:47  Overlord  
  68  6:04  Overlord x2  
  68  6:09  Ravager x2  
  70  6:18  Drone x5  
  75  6:28  Lair  
  75  6:32  Roach x3  
  81  6:38  Evolution Chamber  
  80  6:59  Roach x6  
  89  7:07  Roach  
  89  7:08  Roach  
  57  7:51  Drone x5, Hydralisk Den  
  49  7:52  Drone  
  49  7:56  Extractor  
  49  7:58  Drone x5, Extractor  
  54  8:07  Overseer  
  54  8:26  Drone x4  
  54  8:27  Drone  
  59  8:32  Ravager x2  
  61  8:40  Drone x2  
  63  8:45  Hydralisk x3  
  63  8:46  Hydralisk  
  71  8:59  Hatchery  
  70  9:14  Hydralisk x6  
Tags
 
Add a new tag
Caveats
  • Supply blocks, unpowered buildings, or Contaminate may cause inaccurate times.
  • Supply counts are checked every 10 seconds.